 Dungeon Crawl Stone Soup version 0.30-a0-920-g7493c07aab (webtiles) character file.

Game seed: 2013296777418069566

259 Firecrotchwizard the Magician (level 6, 0/47 HPs)
             Began as a Djinni Fire Elementalist on Mar 22, 2023.
             Slain by Ijyb
             ... wielding a +0 dagger
              (6 damage)
             ... on level 3 of the Dungeon.
             The game lasted 00:04:59 (1936 turns).

Firecrotchwizard the Magician (DjFE)                Turns: 1936, Time: 00:05:00

Health: 0/47       AC:  3    Str:  7    XL:     6   Next: 40%
Gold:   144        EV: 12    Int: 18    God:
                   SH:  0    Dex: 14

rFire   + + .      SeeInvis .    k - +2 whip (venom)
rCold   x . .      Faith    .    (no shield)
rNeg    + . .      Spirit   .    p - +1 robe {rN+}
rPois   ∞          Reflect  .    (no helmet)
rElec   .          Rampage  .    (no cloak)
rCorr   .                        (no gloves)
Will    .....                    (boots unavailable)
Stlth   ++                       (no amulet)
HPRegen 0.27/turn                (no ring)
MPRegen 0.00/turn                (no ring)

@: brilliant, flying
A: sickness immunity, fire resistance 2, cold vulnerability 1, float, innate
caster, HP casting, extra vitality 1
a: no special abilities


You were on level 3 of the Dungeon.
You visited 1 branch of the dungeon, and saw 3 of its levels.

You collected 144 gold pieces.

Inventory:

Hand Weapons
 b - a +0 trident
   (You found it on level 1 of the Dungeon)
 k - a +2 whip of venom (weapon)
   (You took it off a kobold on level 2 of the Dungeon)
Missiles
 g - 2 curare-tipped darts
 j - 28 poisoned darts
 s - 4 stones (quivered)
Armour
 a - a +0 robe
 e - a +0 helmet
   (You found it on level 1 of the Dungeon)
 f - a scarf of harm
   (You found it on level 1 of the Dungeon)
 p - a +1 robe of positive energy (worn)
   (You took it off Jessica on level 2 of the Dungeon)
Magical Staves
 q - a staff of earth
   (You found it on level 3 of the Dungeon)
Scrolls
 d - 4 scrolls of teleportation {unknown}
 i - a scroll of noise {unknown}
 n - a scroll of poison {unknown}
 o - a scroll of enchant armour {unknown}
 r - a scroll of brand weapon {unknown}
Potions
 c - a potion of might {unknown}
 h - a potion of ambrosia {unknown}
 l - a potion of degeneration {unknown}
 t - a potion of flight {unknown}
 B - a potion of brilliance


   Skills:
 + Level 4.0 Fighting
 - Level 2.1 Dodging
 - Level 1.5 Stealth
 + Level 4.0 Spellcasting


You knew the following spells:

 Your Spells              Type           Power      Damage    Failure   Level
a - Foxfire               Conj/Fire      100%       2x1d9     2%          1
b - Scorch                Fire           54%        2d7       4%          2
c - Kindle Blastsparks    Fire/Tloc/Air  54%        2d14      9%          3
d - Inner Flame           Hex/Fire       27%        N/A       9%          3
e - Flame Wave            Conj/Fire      27%        2d9       28%         4
f - Sandblast             Erth           54%        2d13      2%          1
g - Call Imp              Summ           27%        N/A       4%          2
Your spell library was empty.

Dungeon Overview and Level Annotations

Branches:
Dungeon (3/15)

Altars:
Cheibriados
Fedhas
Gozag
Ru
Trog
Yredelemnul
The Shining One

Annotations:
D:2 Terence
D:3 Ijyb


Innate Abilities, Weirdness & Mutations

You are immune to sickness and miasma.
You are immune to poison.
Your flesh is very heat resistant. (rF++)
You are vulnerable to cold. (rC-)
You float through the air rather than walking.
You learn spells naturally, not from books.
Your magical power is your life essence.
You have superior vitality. (+4 MHP)


Message History

Ijyb hits you but does no damage.
You miss Ijyb.
The frilled lizard bites you but does no damage.
The giant cockroach misses you. Ijyb hits you with a +0 dagger.
You take 4 damage, and have 43/47 hp.
You hit Ijyb.
The giant cockroach bites you but does no damage.
The giant cockroach bites you. The frilled lizard bites you.
Ijyb hits you with a +0 dagger.
You take 4 damage, and have 39/47 hp.
You barely miss Ijyb.
The giant cockroach bites you but does no damage.
The giant cockroach closely misses you. The frilled lizard closely misses you.
Ijyb hits you with a +0 dagger. The giant cockroach bites you.
You take 4 damage, and have 35/47 hp.
You barely miss Ijyb. The giant cockroach misses you.
The frilled lizard barely misses you. Ijyb hits you but does no damage.
The giant cockroach barely misses you.
The giant cockroach bites you but does no damage.
You barely miss Ijyb. The giant cockroach barely misses you.
The frilled lizard misses you. Ijyb barely misses you.
The giant cockroach closely misses you.
You closely miss Ijyb. The giant cockroach bites you.
The giant cockroach bites you but does no damage.
The frilled lizard bites you.
A rat comes into view.
Ijyb misses you.
You take 2 damage, and have 33/47 hp.
You barely miss Ijyb.
The giant cockroach bites you but does no damage.
The giant cockroach closely misses you. The frilled lizard barely misses you.
Ijyb hits you but does no damage.
The giant cockroach bites you but does no damage.
The giant cockroach barely misses you.
You closely miss Ijyb. Ijyb barely misses you.
The frilled lizard bites you but does no damage.
The giant cockroach closely misses you.
The giant cockroach bites you but does no damage.
You completely miss Ijyb. Ijyb closely misses you.
The frilled lizard bites you.
The giant cockroach barely misses you. x2
The frilled lizard closely misses you. Ijyb hits you with a +0 dagger.
You take 3 damage, and have 31/47 hp.
You hit Ijyb.
Ijyb is poisoned.
The giant cockroach bites you but does no damage. x2
The giant cockroach barely misses you. Ijyb hits you with a +0 dagger.
The giant cockroach misses you. The frilled lizard closely misses you.
You take 5 damage, and have 26/47 hp.
You barely miss Ijyb. The giant cockroach closely misses you.
The giant cockroach bites you. The frilled lizard barely misses you.
Ijyb hits you with a +0 dagger.
You take 5 damage, and have 21/47 hp.
You hit the giant cockroach but do no damage.
The giant cockroach is poisoned.
The giant cockroach barely misses you. The giant cockroach closely misses you.
The frilled lizard bites you. Ijyb hits you with a +0 dagger.
You take 5 damage, and have 16/47 hp.
You barely miss the giant cockroach. The giant cockroach barely misses you.
The giant cockroach misses you.
The frilled lizard bites you but does no damage.
Ijyb hits you with a +0 dagger. The giant cockroach barely misses you.
The giant cockroach bites you.
* * * LOW HITPOINT WARNING * * *
You take 2 damage, and have 14/47 hp.
You hit the giant cockroach but do no damage.
You kill the giant cockroach!
The frilled lizard completely misses you.
The giant cockroach bites you.
* * * LOW HITPOINT WARNING * * *
Ijyb hits you with a +0 dagger.
* * * LOW HITPOINT WARNING * * *
You take 3 damage, and have 11/47 hp.
You hit Ijyb.
Ijyb looks as sick as possible!
The giant cockroach barely misses you. The frilled lizard bites you.
* * * LOW HITPOINT WARNING * * *
Ijyb barely misses you.
You take 1 damage, and have 10/47 hp.
Flames lash the ball python.
You kill the ball python!
* * * LOW HITPOINT WARNING * * *
The giant cockroach barely misses you. The frilled lizard bites you.
* * * LOW HITPOINT WARNING * * *
Ijyb barely misses you. The giant cockroach misses you.
You take 3 damage, and have 7/47 hp.
You aren't carrying any items that you can evoke.
It was a potion of brilliance.
You feel clever all of a sudden.
B - a potion of brilliance The frilled lizard barely misses you.
Ijyb hits you but does no damage.
The giant cockroach bites you but does no damage.
You feel a surge of power!
Flames lash the giant cockroach.
You kill the giant cockroach!
* * * LOW HITPOINT WARNING * * *
You hear a shout!
The frilled lizard closely misses you. Ijyb closely misses you.
You take 1 damage, and have 7/47 hp.
You feel a surge of power!
Flames lash Ijyb.
Ijyb's fire resistance burns away.
* * * LOW HITPOINT WARNING * * *
The rat misses you. The frilled lizard barely misses you.
Ijyb hits you with a +0 dagger.
You die...

.# # ##### ##.#
.## ....
:.>##.#. ...
#..... #.. B....
#.##.. #..# #
#....r##..# .###
#†g@†..##.... ##
##l##....# .####
... #....# ....#
#### #....#
....#
######..?.#
....#
#.........#
....# .
#.........#
....#
.[..##........##
....#
#........#.#.#


You could see Ijyb (very poisoned, combustible), a frilled lizard and a rat.

Vanquished Creatures
  Sigmund (D:2)
  Jessica (D:2)
  A worm (D:3)
  4 dart slugs
  An orc (D:3)
  4 bats
  4 endoplasms (D:1)
  3 giant cockroaches
  4 goblins
  4 hobgoblins
  9 kobolds
  2 quokkas (D:1)
  8 ball pythons
  2 frilled lizards (D:1)
  2 rats (D:1)
50 creatures vanquished.

Vanquished Creatures (others)
  108 foxfires
108 creatures vanquished.

Grand Total: 158 creatures vanquished

Notes
Turn   | Place    | Note
-------+----------+-------------------------------------------
     0 | D:1      | Firecrotchwizard the Djinni Fire Elementalist began the
                  | quest for the Orb.
     0 | D:1      | Firecrotchwizard set off with the following spells
                  | memorised: Foxfire, Scorch, Kindle Blastsparks, Inner
                  | Flame, Flame Wave.
     0 | D:1      | Reached XP level 1. HP: 15/15 MP: 0/0
   152 | D:1      | Reached skill level 1 in Fighting
   152 | D:1      | Reached XP level 2. HP: 18/22 MP: 0/0
   335 | D:1      | Reached XP level 3. HP: 27/27 MP: 0/0
   335 | D:1      | Learned a level 1 spell: Sandblast
   814 | D:2      | Noticed Sigmund
   860 | D:2      | Reached skill level 3 in Spellcasting
   870 | D:2      | Found a sacrificial altar of Ru.
   920 | D:2      | Reached skill level 2 in Fighting
  1192 | D:2      | Noticed Jessica
  1196 | D:2      | Killed Jessica
  1197 | D:2      | Reached XP level 4. HP: 30/34 MP: 0/0
  1409 | D:2      | Noticed Terence
  1484 | D:2      | Killed Sigmund
  1485 | D:2      | Reached skill level 3 in Fighting
  1485 | D:2      | Reached skill level 4 in Spellcasting
  1485 | D:2      | Reached XP level 5. HP: 20/41 MP: 0/0
  1485 | D:2      | Learned a level 2 spell: Call Imp
  1485 | D:2      | Reached XP level 6. HP: 23/47 MP: 0/0
  1729 | D:3      | Found a sacrificial altar of Ru.
  1731 | D:3      | Found a basalt altar of Yredelemnul.
  1733 | D:3      | Found a bloodstained altar of Trog.
  1733 | D:3      | Found a blossoming altar of Fedhas.
  1736 | D:3      | Found an opulent altar of Gozag.
  1738 | D:3      | Found a glowing golden altar of the Shining One.
  1837 | D:3      | Reached skill level 4 in Fighting
  1899 | D:3      | Found a snail-covered altar of Cheibriados.
  1915 | D:3      | Noticed Ijyb
  1931 | D:3      | HP: 11/47 [Ijyb/+0 dagger (2)]
  1936 | D:3      | Slain by Ijyb

Illustrated notes

Levels and vault maps discovered:
D:1:      ncdulo_watergridlock, layout_loops_ring
D:2:      layout_rooms, basic_altar, minmay_tree_intersection,
          minmay_misc_feat_secret_circle, kennysheep_generic_room_10,
          uniq_sigmund, uniq_jessica, uniq_terence
D:3:      layout_basic, lemuel_crystal_altar, grunt_temple_overflow_open,
          serial_aquarium, aquarium_bridge_long_joined
          [aquarium_subvault_window, aquarium_subvault_wall,
          aquarium_subvault_bridge, aquarium_subvault_window,
          aquarium_subvault_window, aquarium_subvault_bridge],
          aquarium_window_1, aquarium_window_3, aquarium_window_2,
          aquarium_view_2c, aquarium_view_2c, uniq_crazy_yiuf_cottage, uniq_ijyb

Skill      XL: |  1  2  3  4  5  6 |
---------------+-------------------+-----
Fighting       | 1 2 3 4 |  4.0
Spellcasting   | 3 4 |  4.0
Dodging        | |  2.1
Stealth        | |  1.5

Action                     |  1- 3 |  4- 6 || total
---------------------------+-------+-------++-------
  Melee: Trident           |    39 |       ||    39
         Whip              |     6 |    16 ||    22
         Punch             |     1 |       ||     1
  Throw: Stone             |    10 |       ||    10
   Cast: Foxfire           |    30 |    30 ||    60
         Scorch            |     1 |     6 ||     7
    Use: Potion            |       |     1 ||     1
   Stab: Sleeping          |     2 |       ||     2
 Armour: Robe              |    18 |    17 ||    35
  Dodge: Dodged            |    47 |    46 ||    93

Table legend: (Time is in decaauts)
 A = Elapsed time spent in this place.
 B = Non-inter-level travel time spent in this place.
 C = Inter-level travel time spent in this place.
 D = Time resting spent in this place.
 E = Time spent auto-exploring this place.
 F = Levels seen in this place.
 G = Mean time per level.
                   A        B        C        D        E       F      G
               +--------+--------+--------+--------+--------+-----+--------+
         Total |   1949 |   1875 |     74 |    228 |   1289 |   3 |  649.7 |
       Dungeon |   1949 |   1875 |     74 |    228 |   1289 |   3 |  649.7 |
               +--------+--------+--------+--------+--------+-----+--------+

Top non-repeatable levels by time:
     D:1: 853 daAuts
     D:2: 741 daAuts
     D:3: 354 daAuts

Table legend:
 A = Kills in this place as a percentage of kills in the entire game.
 B = Kills by you in this place as a percentage of kills by you in the entire game.
 C = Kills by friends in this place as a percentage of kills by friends in the entire game.
 D = Other kills in this place as a percentage of other kills in the entire game.
 E = Experience gained in this place as a percentage of experience gained in the entire game.
 F = Experience gained in this place divided by the number of levels of this place that you have seen.
                   A       B       C       D       E      F
               +-------+-------+-------+-------+-------+----------------------
         Total | 100.0 | 100.0 |   N/A |   N/A | 100.0 | 123.7
       Dungeon | 100.0 | 100.0 |   N/A |   N/A | 100.0 | 123.7
               +-------+-------+-------+-------+-------+----------------------
